 Dungeon Crawl Stone Soup version 0.31.0-11-ge490571c62 (webtiles) character file.

Game seed: 2144808300328805878

1403 Curundu the Cleaver (level 8, -3/106 HPs)
             Began as a Minotaur Berserker on Feb 9, 2024.
             Was an Elder of Trog.
             Slain by a gnoll
             ... wielding a +1 halberd of venom
             ... led by a gnoll bouda
              (6 damage)
             ... on level 5 of the Dungeon.
             The game lasted 00:11:47 (4276 turns).

Curundu the Cleaver (Minotaur Berserker)            Turns: 4276, Time: 00:11:48

Health: -3/106     AC:  9    Str: 25    XL:     8   Next: 42%
Magic:  7/7        EV: 25    Int:  4    God:    Trog [****..]
Gold:   252        SH:  0    Dex:  9    Spells: 7/7 levels left

rFire   . . .        a - +0 hand axe
rCold   . . .        (no shield)
rNeg    . . .        n - +0 chain mail
rPois   .            (helmet restricted)
rElec   .            (no cloak)
rCorr   .            (no gloves)
SInv    .            (no boots)
Will    .....        p - amulet of the acrobat Stlth
                     j - ring of flight
HPRegen 0.37/turn    (no ring)
MPRegen 0.10/turn

%: acrobat
@: berserking, lethally poisoned (-3 -> -18), acrobatic, flying, very quick
A: horns 2, retaliatory headbutt
a: Renounce Religion, Berserk, Trog's Hand, Brothers in Arms


You were on level 5 of the Dungeon.
You worshipped Trog.
Trog was greatly pleased with you.
You visited 1 branch of the dungeon, and saw 5 of its levels.

You collected 252 gold pieces.

Inventory:

Hand Weapons
 a - a +0 hand axe (weapon)
Missiles
 k - 4 boomerangs (quivered)
 o - a throwing net
Armour
 n - a +0 chain mail (worn)
Jewellery
 j - a ring of flight (left hand)
 p - an amulet of the acrobat (around neck)
Wands
 b - a wand of roots (9)
Scrolls
 c - a scroll of enchant weapon {unknown}
 h - 3 scrolls of fear {unknown}
 m - 5 scrolls of identify {unknown}
 q - a scroll of poison
 r - a scroll of revelation {unknown}
Potions
 d - a potion of cancellation {unknown}
 e - 2 potions of haste {unknown}
 f - 2 potions of mutation {unknown}
 g - 2 potions of might {unknown}
 i - a potion of heal wounds {unknown}
 l - 4 potions of curing {unknown}
 s - a potion of enlightenment {unknown}


   Skills:
 + Level 6.7 Fighting
 + Level 9.5 Axes
 + Level 5.2 Armour
 + Level 4.2 Dodging
 + Level 1.7 Stealth


You had 7 spell levels left.
You didn't know any spells.
Your spell library was empty.

Dungeon Overview and Level Annotations

Branches:
Dungeon (5/15)
 Temple: D:4-7

Altars:
The Shining One

Shops:
D:3 (


Innate Abilities, Weirdness & Mutations

You have a pair of horns on your head.
You reflexively headbutt those who attack you in melee.


Message History

The gnoll completely misses you.
You slash the gnoll!
You kill the gnoll!
Trog accepts your kill.
You feel very sick. The gnoll completely misses you.
You feel very sick.
The gnoll is no longer moving quickly.
The white imp hits you but does no damage.
The gnoll closely misses you.
Things that are here:
a +0 whip; a +0 club You closely miss the white imp.
Your headbutt misses the white imp.
You feel very sick. The white imp gestures at you. The puff of frost hits you!
* * * LOW HITPOINT WARNING * * *
You barely miss the white imp. Your headbutt misses the white imp.
You feel sick. The gnoll closely misses you. The white imp closely misses you.
You closely miss the white imp. You headbutt the white imp!
The white imp is almost dead.
You feel sick.
The gnoll hits you from afar with a +1 halberd of venom!
* * * LOW HITPOINT WARNING * * *
You are lethally poisoned!
The white imp grinds its teeth.
The white imp misses you.
A red film seems to cover your vision as you go berserk!
You feel yourself moving faster!
You feel mighty!
* * * LOW HITPOINT WARNING * * *
You feel very sick. The gnoll barely misses you.
The white imp barely misses you. You furiously retaliate!
You headbutt the white imp!
You kill the white imp!
Trog accepts your kill.
You feel a strong urge to attack something.
* * * LOW HITPOINT WARNING * * *
You feel very sick.
The gnoll hits you from afar with a +1 halberd of venom.
You die...

...............
...............
...............
.............
............ ..........#
.........# # .....g.@#
.# ...##.))# ##.## ....
... ###.##....# .... .
....#.#.)...#.. .#.# ..
............... . .##..
...###......... ##....#
#..###....#....#
...##..##........###...#
....#..##........# #.##


You could see a gnoll.

Vanquished Creatures
  The ghost of hawkwood the Trooper, an amateur DgAr (D:3)
  Sigmund (D:3)
  A phantom (D:4)
  3 killer bees (D:5)
  A vampire bat (D:4)
  A bombardier beetle (D:4)
  A gnoll bouda (D:5)
  4 hounds
  2 jellies (D:4)
  An orc priest (D:4)
  Terence (D:3)
  An iguana (D:3)
  Ijyb (D:3)
  3 orc wizards (D:3)
  9 adders
  8 gnolls
  3 white imps
  2 dart slugs
  3 fire bats (D:4)
  5 ribbon worms
  9 orcs
  2 spectral bats (D:4)
  7 ball pythons
  3 bat skeletons (D:4)
  A bat zombie (D:4)
  2 endoplasms
  4 giant cockroaches
  9 goblins
  6 hobgoblins
  13 jackals
  5 kobolds
  3 quokkas
  17 bats
  A bat simulacrum (D:4)
  3 frilled lizards
  5 rats
142 creatures vanquished.

Notes
Turn   | Place    | Note
-------+----------+-------------------------------------------
     0 | D:1      | Curundu the Minotaur Berserker began the quest for the Orb.
     0 | D:1      | Reached XP level 1. HP: 19/19 MP: 0/0
   225 | D:1      | Reached skill level 4 in Axes
   225 | D:1      | Reached XP level 2. HP: 27/27 MP: 1/1
   398 | D:1      | Reached ** piety under Trog
   438 | D:1      | Found a faded altar of an unknown god.
   620 | D:1      | Reached XP level 3. HP: 32/33 MP: 2/2
  1457 | D:2      | Reached skill level 5 in Axes
  1519 | D:2      | Reached XP level 4. HP: 39/41 MP: 3/3
  1836 | D:3      | Found a transporter.
  1838 | D:3      | Found a transporter.
  1838 | D:3      | Noticed hawkwood's ghost (amateur DgAr)
  1909 | D:3      | Killed hawkwood's ghost
  1910 | D:3      | Reached skill level 5 in Fighting
  1910 | D:3      | Reached skill level 6 in Axes
  1910 | D:3      | Reached skill level 1 in Stealth
  1910 | D:3      | Reached XP level 5. HP: 47/48 MP: 4/4
  1910 | D:3      | Reached XP level 6. HP: 54/56 MP: 5/5
  2100 | D:3      | Noticed Ijyb
  2108 | D:3      | Killed Ijyb
  2109 | D:3      | Reached skill level 7 in Axes
  2217 | D:3      | Noticed Terence
  2220 | D:3      | Killed Terence
  2276 | D:3      | Found a glowing golden altar of the Shining One.
  2331 | D:3      | Noticed Sigmund
  2346 | D:3      | Killed Sigmund
  2347 | D:3      | Reached XP level 7. HP: 62/62 MP: 6/6
  2371 | D:3      | Found Zew Cig's Weapon Shop.
  2418 | D:3      | Reached *** piety under Trog
  2649 | D:4      | Reached skill level 8 in Axes
  3685 | D:4      | Reached skill level 9 in Axes
  3685 | D:4      | Reached XP level 8. HP: 65/70 MP: 7/7
  3717 | D:4      | Reached **** piety under Trog
  3907 | D:5      | Entered Level 5 of the Dungeon
  4268 | D:5      | Reached skill level 5 in Armour
  4275 | D:5      | HP: 5/106 [poisoned by a gnoll]
  4276 | D:5      | Slain by a gnoll

Illustrated notes

Levels and vault maps discovered:
D:1:      dpeg_arrival_erosion, layout_loops_ring,
          chequers_ecumenical_altar_island
D:2:      layout_basic, minivault_24
D:3:      layout_basic, marbit_many_paths, gammafunk_ghost_arena, serial_shops,
          shop, uniq_sigmund, uniq_terence, uniq_ijyb
D:4:      layout_basic, goddamned_bats
D:5:      layout_cave_pools, minmay_temple_entry_trees

Skill      XL: |  1  2  3  4  5  6  7  8 |
---------------+-------------------------+-----
Axes           | 4 5 6 7 9 |  9.5
Fighting       | 4 5 6 |  6.7
Dodging        | 3 4 |  4.2
Stealth        | 1 |  1.7
Armour         | 3 5 |  5.2

Action                     |  1- 3 |  4- 6 |  7- 9 || total
---------------------------+-------+-------+-------++-------
  Melee: Hand axe          |    74 |    57 |   184 ||   315
         Headbutt          |     5 |    14 |    28 ||    47
         Punch             |       |     2 |     4 ||     6
 Invoke: Trog's Hand       |       |     4 |     2 ||     6
         Berserk           |       |     2 |     2 ||     4
    Use: Scroll            |       |     2 |       ||     2
 Armour: Animal skin       |    55 |    24 |       ||    79
         Chain mail        |       |    22 |   182 ||   204
  Dodge: Dodged            |    54 |    43 |   167 ||   264
